 Dungeon Crawl Stone Soup version 0.26.1-11-gd32895ea62 (webtiles) character file.

Game seed: 17509334781464450508

12756 buriedalive the Spry (level 11, -4/67 HPs)
             Began as a Deep Elf Conjurer on Apr 23, 2021.
             Was a Priest of Ashenzari.
             Slain by a seven-headed hydra (10 damage)
             ... on level 2 of the Lair of Beasts.
             The game lasted 00:29:02 (15530 turns).

buriedalive the Spry (Deep Elf Conjurer)           Turns: 15530, Time: 00:29:02

Health: -4/67      AC:  8    Str:  4    XL:     11   Next: 66%
Magic:  18/20      EV: 20    Int: 27    God:    Ashenzari [***...]
Gold:   847        SH:  0    Dex: 13    Spells: 8/20 levels left

rFire    + . .     SeeInvis +   z - +4 scimitar (venom)
rCold    + . .     Faith    .   (no shield)
rNeg     . . .     Spirit   .   v - +0 leather armour (curse)
rPois    +         Reflect  .   (helmet restricted)
rElec    .         Harm     .   p - scarf {repulsion}
rCorr    .         Rampage  .   c - +2 pair of gloves (curse)
Will     ++...                  k - +1 pair of boots (curse)
Stlth    ++........             q - amulet of the acrobat (curse)
HPRegen  0.21/turn              j - ring of protection from fire (curse)
MPRegen  0.17/turn              I - ring of wizardry

@: repel missiles
A: horns 1, cold resistance 1, strong-willed 1, poison resistance
a: Renounce Religion, Curse Item, Scrying


You were on level 2 of the Lair of Beasts.
You worshipped Ashenzari.
Ashenzari was most pleased with you.
You visited 2 branches of the dungeon, and saw 13 of its levels.

You collected 847 gold pieces.

Inventory:

Hand Weapons
 a - a +1 dagger of pain
 e - a +1 dagger
 z - a +4 scimitar of venom (weapon)
 E - a +4 dagger
 H - a +2 whip of flaming
Missiles
 B - 39 poisoned darts (quivered)
 C - 4 boomerangs
 K - 391 stones
Armour
 c - a cursed +2 pair of gloves (worn)
 k - a cursed +1 pair of boots (worn)
 p - a scarf of repulsion (worn)
 v - a cursed +0 leather armour (worn)
Magical Staves
 b - an uncursed staff of death
 G - an uncursed staff of fire
Jewellery
 j - a cursed ring of protection from fire (left hand)
 q - a cursed amulet of the acrobat (around neck)
 F - an uncursed ring of fire
 I - a ring of wizardry (right hand)
Wands
 g - a wand of polymorph (12)
 t - a wand of digging (12)
 u - a wand of flame (46)
 w - a wand of iceblast (27)
 A - a wand of disintegration (8)
 D - a wand of random effects (38)
 J - a wand of paralysis (9)
Scrolls
 h - 8 scrolls of identify
 m - 10 scrolls of amnesia
 n - 3 scrolls of teleportation
 o - a scroll of fear
 x - a scroll of blinking
 y - 2 scrolls of remove curse
Potions
 d - a potion of flight
 f - 3 potions of curing
 i - 2 potions of lignification
 l - a potion of invisibility
 r - 2 potions of brilliance
 s - a potion of resistance
 L - a potion of heal wounds


   Skills:
 + Level 7.4 Fighting
 - Level 15.0(16.5) Dodging
 - Level 2.4(4.0) Stealth
 - Level 5.0 Spellcasting
 - Level 10.0(11.7) Conjurations
 + Level 6.5(8.5) Necromancy


You had 8 spell levels left.
You knew the following spells:

 Your Spells              Type           Power        Failure   Level
a - Magic Dart            Conj           100%         1%          1
b - Searing Ray           Conj           100%         1%          2
c - Animate Dead          Necr           25%          1%          4
d - Agony                 Necr           51%          4%          5

Your spell library contained the following spells:

 Spells                   Type           Power        Failure   Level
 Animate Skeleton         Necr           100%         1%          1
 Pain                     Necr           100%         1%          1
 Dazzling Flash           Conj/Hex       78%          1%          3
 Vampiric Draining        Necr           25%          1%          3
 Fulminant Prism          Conj/Hex       19%          4%          4
 Iskenderun's Mystic Bla  Conj/Tloc      39%          4%          4
 Fireball                 Conj/Fire      19%          12%         5
 Ignite Poison            Fire/Tmut/Pois 8%           14%         3
 Starburst                Conj/Fire      19%          52%         6
 Ignition                 Fire           4%           100%        8


Dungeon Overview and Level Annotations

Branches:
Dungeon (11/15)            Temple (0/1) D:4            Lair (2/6) D:8
  Swamp: Lair:2-4    Shoals: Lair:2-4     Snake: Lair:2-4    Spider: Lair:2-4
    Orc: D:9-12

Altars:
Ashenzari
Elyvilon
Fedhas
Kikubaaqudgha
Nemelex Xobeh
Sif Muna
Uskayaw
Xom
Yredelemnul
The Shining One

Shops:
D:5 *

Annotations:
D:4 2 transporters, olmar's ghost, amateur GrFi
D:5 1 runed translucent door, chaostorm's ghost, amateur MiAK


Innate Abilities, Weirdness & Mutations

You have a pair of small horns on your head.
Your flesh is cold resistant. (rC+)
You are strong-willed. (Will+)
Your system is resistant to poisons. (rPois)


Message History

Aiming: Disintegrate
Press: ? - help, Shift-Dir - straight line, f/p - seven-headed hydra
Aim: a seven-headed hydra (chance to affect: 30%)
The seven-headed hydra easily resists.
Unknown command.
Casting: Searing Ray (safe; 1% risk of failure)
Confirm with . or Enter, or press ? or * to list all spells.
Aiming: Searing Ray (safe; 1% risk of failure)
Press: ? - help, Shift-Dir - straight line, f/p - seven-headed hydra
Aim: a seven-headed hydra (6% to evade)
The searing ray hits the seven-headed hydra!
The seven-headed hydra is moderately wounded. (Press . to maintain the ray.)
The seven-headed hydra bites you!
The seven-headed hydra closely misses you.
The seven-headed hydra completely misses you.
The seven-headed hydra bites you! x2
* * * LOW HITPOINT WARNING * * *
The seven-headed hydra bites you!
You die...

.............................#,
.............................# ,
..........#....#.##............
...............#####............
................................
................................
..................#........>...
, .....#.....#D####.........
....###....#@###......... ...#
#....P............. , ###
#.................
###..#............
#.#...P..........*
#................ *..
#............P.# ##.
#รท##..P.......P# #.#
###.P...#.......## #.


You could see a seven-headed hydra.

Vanquished Creatures
  2 two-headed ogres (D:9)
  An unseen horror (D:10)
  Pikel (D:8)
  A wizard (D:10)
  An oklob plant (Lair:1)
  3 komodo dragons
  3 cane toads
  A troll (D:8)
  A hornet (D:9)
  Sigmund (D:2)
  2 wraiths (D:7)
  5 yaks (Lair:2)
  Grum (D:9)
  An ice beast (D:8)
  An eye of draining (D:10)
  4 orc warriors (D:8)
  6 sky beasts
  A black bear (Lair:2)
  A necrophage (D:6)
  3 ogres
  7 wolves
  2 centaurs
  An elf zombie (D:7)
  9 bullfrogs
  A wyvern zombie (D:8)
  A water moccasin zombie (D:6)
  A troll zombie (D:7)
  5 scorpions
  3 killer bees (D:8)
  21 wights
  A howler monkey (D:5)
  A crimson imp (D:10)
  A quasit (D:6)
  A bullfrog skeleton (D:9)
  A centaur zombie (D:6)
  7 hounds
  A jelly (D:10)
  2 centaur skeletons
  4 orc priests
  A human zombie (D:7)
  9 worker ants
  Natasha (thrice) (D:4)
  4 iguanas
  6 orc wizards
  6 hell rats (Lair:1)
  An ogre zombie (D:7)
  3 hound skeletons
  3 mummies (D:7)
  A worker ant zombie (D:9)
  10 gnolls
  7 adders
  2 shadow imps
  2 white imps
  An ooze (D:5)
  A worm (D:3)
  4 dart slugs
  3 leopard geckos
  36 orcs
  3 ball pythons
  4 bats
  9 giant cockroaches
  5 goblins
  3 hobgoblins
  7 jackals
  7 quokkas
  3 frilled lizards
  3 goblin skeletons (D:4)
  A goblin zombie (D:4)
  A hobgoblin zombie (D:4)
  7 kobolds
  A kobold skeleton (D:4)
  2 kobold zombies (D:4)
  A leopard gecko zombie (D:9)
  2 orc skeletons (D:4)
  An orc zombie (D:4)
  4 rats
277 creatures vanquished.

Vanquished Creatures (others)
  An adder (D:7)
  2 fungi (Lair:2)
  26 plants
29 creatures vanquished.

Grand Total: 306 creatures vanquished

Notes
Turn   | Place    | Note
-------+----------+-------------------------------------------
     0 | D:1      | buriedalive the Deep Elf Conjurer began the quest for the
                  | Orb.
     0 | D:1      | Reached XP level 1. HP: 10/10 MP: 6/6
   602 | D:1      | Reached XP level 2. HP: 15/15 MP: 6/8
   739 | D:1      | Reached skill level 3 in Dodging
   858 | D:1      | Learned a level 2 spell: Searing Ray
  1245 | D:1      | Found a shimmering altar of Xom.
  1591 | D:2      | Reached XP level 3. HP: 19/19 MP: 7/10
  1683 | D:2      | Noticed Sigmund
  1701 | D:2      | Killed Sigmund
  1702 | D:2      | Reached skill level 4 in Dodging
  1702 | D:2      | Reached skill level 5 in Spellcasting
  1702 | D:2      | Reached skill level 5 in Conjurations
  1702 | D:2      | Reached XP level 4. HP: 11/24 MP: 4/13
  1702 | D:2      | Reached XP level 5. HP: 13/28 MP: 4/14
  1954 | D:2      | Found a glowing golden altar of the Shining One.
  1958 | D:2      | Found a blossoming altar of Fedhas.
  1961 | D:2      | Found a broken altar of Ashenzari.
  1963 | D:2      | Found a basalt altar of Yredelemnul.
  1968 | D:2      | Became a worshipper of Ashenzari the Shackled
  2498 | D:3      | Noticed an ogre
  2509 | D:3      | Killed an ogre
  2510 | D:3      | Reached skill level 5 in Dodging
  2510 | D:3      | Reached XP level 6. HP: 17/32 MP: 6/15
  3355 | D:4      | Noticed Natasha
  3471 | D:4      | Killed Natasha
  3672 | D:4      | Found a glowing golden altar of the Shining One.
  3824 | D:4      | Noticed Natasha
  3837 | D:4      | Noticed a sky beast
  3839 | D:4      | Killed Natasha
  3847 | D:4      | Killed a sky beast
  3848 | D:4      | Reached skill level 6 in Dodging
  4126 | D:4      | Noticed Natasha
  4129 | D:4      | Killed Natasha
  4203 | D:4      | Noticed olmar's ghost (amateur GrFi)
  4205 | D:4      | Found a transporter.
  4208 | D:4      | Found a transporter.
  4275 | D:4      | Reached XP level 7. HP: 36/36 MP: 10/16
  4806 | D:4      | Reached skill level 7 in Dodging
  5056 | D:4      | Found a staircase to the Ecumenical Temple.
  5155 | D:4      | Gained mutation: Your flesh is cold resistant. (rC+)
                  | [potion of mutation]
  5155 | D:4      | Gained mutation: You have a pair of small horns on your
                  | head. [potion of mutation]
  5155 | D:4      | Gained mutation: Your system is resistant to poisons.
                  | (rPois) [potion of mutation]
  5155 | D:4      | Gained mutation: You are strong-willed. (Will+) [potion of
                  | mutation]
  5238 | D:5      | Entered Level 5 of the Dungeon
  5243 | D:5      | Found a runed translucent door.
  5436 | D:5      | Reached XP level 8. HP: 39/41 MP: 2/17
  5474 | D:5      | Reached skill level 8 in Dodging
  5670 | D:5      | Reached * piety under Ashenzari
  5715 | D:5      | Learned a level 4 spell: Animate Dead
  5821 | D:5      | Found an ancient bone altar of Kikubaaqudgha.
  6458 | D:5      | Noticed chaostorm's ghost (amateur MiAK)
  6465 | D:5      | Found Akhoonof's General Store.
  6781 | D:6      | Reached skill level 9 in Dodging
  7602 | D:7      | Found a white marble altar of Elyvilon.
  7623 | D:7      | Reached XP level 9. HP: 45/45 MP: 12/18
  7695 | D:7      | Reached skill level 10 in Dodging
  7716 | D:7      | Reached skill level 10 in Conjurations
  7773 | D:7      | Found a shimmering blue altar of Sif Muna.
  7954 | D:7      | Found an ancient bone altar of Kikubaaqudgha.
  8216 | D:7      | Reached skill level 11 in Dodging
  8630 | D:8      | Noticed Pikel
  8640 | D:8      | Killed Pikel
  8641 | D:8      | Reached skill level 12 in Dodging
  8900 | D:8      | Found a hide-covered altar of Uskayaw.
  8903 | D:8      | Reached skill level 13 in Dodging
  8981 | D:8      | Reached skill level 1 in Fighting
  9331 | D:8      | Reached XP level 10. HP: 52/52 MP: 15/19
  9718 | D:8      | Found a staircase to the Lair.
 10430 | D:9      | Noticed a two-headed ogre
 10785 | D:9      | Killed a two-headed ogre
 10786 | D:9      | Reached skill level 14 in Dodging
 11101 | D:9      | Noticed Grum
 11498 | D:9      | Killed Grum
 11927 | D:9      | Reached skill level 5 in Fighting
 12128 | D:9      | Found a sparkling altar of Nemelex Xobeh.
 12235 | D:9      | Noticed a two-headed ogre
 12246 | D:9      | Killed a two-headed ogre
 12346 | D:10     | Entered Level 10 of the Dungeon
 12377 | D:10     | Reached ** piety under Ashenzari
 12455 | D:10     | Reached XP level 11. HP: 64/64 MP: 14/20
 13081 | D:10     | Reached skill level 15 in Dodging
 13326 | D:10     | Killed an unseen horror
 13327 | D:10     | Reached skill level 1 in Necromancy
 13453 | D:10     | Noticed a wizard
 13459 | D:10     | Killed a wizard
 13802 | Lair:1   | Entered Level 1 of the Lair of Beasts
 13802 | Lair:1   | Noticed an oklob plant
 13860 | Lair:1   | Killed an oklob plant
 13926 | Lair:1   | Learned a level 5 spell: Agony
 14229 | Lair:1   | Reached skill level 5 in Necromancy
 14762 | Lair:2   | Noticed a seven-headed hydra
 15372 | Lair:2   | Reached *** piety under Ashenzari
 15530 | Lair:2   | Slain by a seven-headed hydra

Illustrated notes

Levels and vault maps discovered:
D:1:      heliophobic_arrival_glass_houses, layout_basic,
          chequers_serial_rivers_micro_b, hex_large, xom_teletrap_fun
D:2:      layout_rooms, minitemple, uniq_sigmund
D:3:      layout_basic
D:4:      layout_basic, minmay_temple_entry_tees, gammafunk_ghost_smash,
          nicolae_tso_besieged_by_evil, uniq_natasha
D:5:      layout_loops_ring, kiku_gazebo_pond_becter, serial_shops, shop_coins,
          hellmonk_ghost_happy_afterlife
D:6:      layout_cave_pools
D:7:      layout_basic, elyvilon_altar_4, lemuel_blue_sif_altar,
          solitary_fountain, lemuel_mausoleum_altar_kikubaaqudgha
D:8:      layout_basic, kennysheep_little_box, david_lair_shrubbed, uniq_pikel
D:9:      layout_rooms, nemelex_altar_shiori, uniq_grum
D:10:     layout_roguey, minmay_misc_feat_cross, lightli_wizard_tower
D:11:     layout_irregular_city
Lair:1:   layout_long_grid, minmay_lair_oklob_chamber
Lair:2:   layout_gridlike

Skill      XL: |  1  2  3  4  5  6  7  8  9 10 11 |
---------------+----------------------------------+-----
Dodging        | 3 4 5 6 7 9 13 14 15 | 15.0
Spellcasting   | 5 |  5.0
Conjurations   | 5 6 7 8 9 10 | 10.0
Fighting       | 1 5 7 |  7.4
Necromancy     | 6 |  6.5
Stealth        | |  2.4

Action                   |  1- 3 |  4- 6 |  7- 9 | 10-12 || total
-------------------------+-------+-------+-------+-------++-------
Melee: Dagger            |     4 |     1 |    36 |    16 ||    57
       Headbutt          |       |       |     4 |     6 ||    10
       Scimitar          |       |       |     4 |     3 ||     7
       Whip              |       |       |       |    33 ||    33
Throw: Dart              |       |       |       |    12 ||    12
 Cast: Magic Dart        |    40 |    42 |    53 |    15 ||   150
       Searing Ray       |     5 |    25 |    73 |    97 ||   200
       Animate Dead      |       |       |       |     1 ||     1
       Agony             |       |       |       |     1 ||     1
Invok: Curse Item        |       |       |     3 |     2 ||     5
Evoke: Wand              |       |       |       |     2 ||     2
  Use: Scroll            |       |     6 |    15 |     6 ||    27
       Potion            |       |       |     2 |     1 ||     3
 Stab: Distracted        |       |       |     1 |     1 ||     2
Armor: Robe              |       |     1 |       |       ||     1
       Leather armour    |       |       |    14 |    38 ||    52
Dodge: Dodged            |    14 |     9 |   102 |   235 ||   360
       Rpst.: Scimitar   |       |       |     7 |     9 ||    16
